 Dungeon Crawl Stone Soup version 0.26.1-11-gd32895ea62 (webtiles) character file.

Game seed: 13422541020205987826

67 nothank2 the Skirmisher (level 4, -2/37 HPs)
             Began as a Formicid Fighter on July 14, 2021.
             Slain by Sigmund
             ... wielding a +1 vorpal scythe
              (9 damage)
             ... on level 2 of the Dungeon.
             The game lasted 00:02:14 (1092 turns).

nothank2 the Skirmisher (Formicid Fighter)          Turns: 1092, Time: 00:02:15

Health: -2/37      AC:  6    Str: 22    XL:     4   Next: 38%
Magic:  4/4        EV:  8    Int:  7    God:
Gold:   109        SH:  9    Dex: 10    Spells: 3/3 levels left

rFire    . . .     SeeInvis +   m - -1 spear (curse)
rCold    . . .     Faith    .   c - +0 kite shield
rNeg     . . .     Spirit   .   b - +0 scale mail
rPois    .         Reflect  .   (helmet unavailable)
rElec    .         Harm     .   (no cloak)
rCorr    .         Rampage  .   (no gloves)
Will     .....                  (no boots)
Stlth    ..........             (no amulet)
HPRegen  0.12/turn              (no ring)
MPRegen  0.09/turn              (no ring)

@: no status effects
A: permanent stasis, dig shafts and tunnels, four strong arms, antennae 3
a: Dig, Shaft Self


You were on level 2 of the Dungeon.
You visited 1 branch of the dungeon, and saw 2 of its levels.

You collected 109 gold pieces.

Inventory:

Hand Weapons
 a - a +0 long sword
 m - a cursed -1 spear (weapon)
Armour
 b - a +0 scale mail (worn)
 c - a +0 kite shield (worn)
Scrolls
 f - a scroll of teleportation {unknown}
 g - 2 scrolls of enchant weapon {unknown}
 h - a scroll of fog {unknown}
 i - a scroll of random uselessness {unknown}
 k - 3 scrolls of fear {unknown}
 l - a scroll of identify {unknown}
 n - a scroll of blinking {unknown}
Potions
 d - 3 potions of might
 e - a potion of flight {unknown}
 j - 2 potions of curing {unknown}
 o - a potion of haste


   Skills:
 + Level 4.0 Fighting
 * Level 3.7 Long Blades
 - Level 3.2 Armour
 - Level 3.6 Shields


You had 3 spell levels left.
You didn't know any spells.
Your spell library was empty.

Dungeon Overview and Level Annotations

Branches:
Dungeon (2/15)

Altars:

Annotations:
D:2 Sigmund


Innate Abilities, Weirdness & Mutations

You cannot be hasted, slowed, berserked, paralysed or teleported.
You can dig through walls and to a lower floor.
Your four strong arms can wield two-handed weapons with a shield.
You have a pair of large antennae on your head. (SInv)


Message History

The puff of flame hits you. Sigmund hits you but does no damage.
Sigmund gestures at you while chanting. You resist with some effort.
You barely miss Sigmund.
You feel less confused. Sigmund gestures at you while chanting.
You resist with some effort.
You hit Sigmund.
Sigmund is lightly wounded.
Sigmund hits you with a +1 vorpal scythe!
* * * LOW HITPOINT WARNING * * *
You barely miss Sigmund.
Sigmund is lightly wounded.
Sigmund hits you with a +1 vorpal scythe.
* * * LOW HITPOINT WARNING * * *
x2 Sigmund hits you but does no damage.
You hit Sigmund.
Sigmund is moderately wounded.
Sigmund hits you with a +1 vorpal scythe!
You die...

#.# #.# #.#
#.. #.# #.#
{{ #†# #>#
#.#
#.########.#
..
#.....@@h.#
..
#########.$#
#. .# .###.#
{ #...... {
.......
#......
#......
#......
#......


You could see Sigmund (fast, invisible) and a jackal.

Vanquished Creatures
  2 adders (D:2)
  2 dart slugs (D:1)
  A leopard gecko (D:2)
  A giant cockroach (D:1)
  8 goblins
  7 hobgoblins
  3 jackals (D:1)
  5 bats
  A frilled lizard (D:1)
  7 kobolds
  8 rats
45 creatures vanquished.

Notes
Turn   | Place    | Note
-------+----------+-------------------------------------------
     0 | D:1      | nothank2 the Formicid Fighter began the quest for the Orb.
     0 | D:1      | Reached XP level 1. HP: 18/18 MP: 1/1
   149 | D:1      | Reached XP level 2. HP: 20/24 MP: 2/2
   183 | D:1      | Reached XP level 3. HP: 18/30 MP: 3/3
   886 | D:2      | Reached skill level 4 in Fighting
   886 | D:2      | Reached XP level 4. HP: 31/37 MP: 4/4
  1078 | D:2      | Noticed Sigmund
  1092 | D:2      | Slain by Sigmund

Illustrated notes

Levels and vault maps discovered:
D:1:      dpeg_arrival_stone_temple_mockup, layout_basic
D:2:      layout_loops_ring, uniq_natasha, uniq_sigmund

Skill      XL: |  1  2  3 |
---------------+----------+-----
Long Blades    | 3 |  3.7
Fighting       | 4 |  4.0
Armour         | |  3.2
Shields        | |  3.6

Action                   |  1- 3 |  4- 6 || total
-------------------------+-------+-------++-------
Melee: Long sword        |    95 |       ||    95
       Spear             |    12 |    37 ||    49
Armor: Scale mail        |    51 |    14 ||    65
Dodge: Dodged            |    46 |     7 ||    53
Block: Kite shield       |    77 |     8 ||    85
       Rpst.: Long sword |    13 |       ||    13
